 Dungeon Crawl Stone Soup version 0.28.0-49-g6dfe1f597d (webtiles) character file.

Game seed: 17768216322838213884

19521 Zeld the Fighter (level 12, -1/110 HPs)
             Began as a Green Draconian Conjurer on May 11, 2022.
             Was a Priest of Vehumet.
             Slain by a five-headed hydra (6 damage)
             ... on level 1 of the Lair of Beasts.
             The game lasted 00:24:27 (22635 turns).

Zeld the Fighter (Green Draconian Conjurer)        Turns: 22635, Time: 00:24:28

Health: -1/110     AC: 12    Str:  9    XL:     12   Next: 37%
Magic:  7/34       EV: 13    Int: 25    God:    Vehumet [***...]
Gold:   526        SH:  5    Dex:  9    Spells: 19/30 levels left

rFire   . . .      SeeInvis +   (no weapon)
rCold   . . .      Faith    .   (no shield)
rNeg    . . .      Spirit   .   (armour unavailable)
rPois   +          Reflect  +   y - +2 hat
rElec   .          Harm     .   f - +0 cloak {rPois}
rCorr   .          Rampage  .   C - +0 pair of gloves
Will    .....                   (no boots)
Stlth   +++.......              b - amulet of reflection
HPRegen 0.28/turn               c - ring of magical power
MPRegen 0.24/turn               k - ring of see invisible

@: no status effects
A: breathe noxious fumes, AC +8, unfitting armour, poison resistance,
cold-blooded
a: Breathe Noxious Fumes, Renounce Religion


You were on level 1 of the Lair of Beasts.
You worshipped Vehumet.
Vehumet was most pleased with you.
You visited 3 branches of the dungeon, and saw 13 of its levels.
You also visited: Ossuary.

You collected 1019 gold pieces.
You spent 493 gold pieces at shops.

Inventory:

Armour
 f - a +0 cloak of poison resistance (worn)
 y - a +2 hat (worn)
 C - a +0 pair of gloves (worn)
Jewellery
 b - an amulet of reflection (around neck)
 c - a ring of magical power (left hand)
 k - a ring of see invisible (right hand)
 u - a ring of protection from fire
Wands
 s - a wand of digging (5)
 E - a wand of paralysis (13)
 F - a wand of iceblast (25)
 G - a wand of mindburst (5)
Scrolls
 g - 4 scrolls of identify
 h - 4 scrolls of fear
 l - 5 scrolls of enchant armour
 o - 2 scrolls of summoning
 q - 2 scrolls of holy word
 r - 3 scrolls of teleportation
 t - a scroll of brand weapon
 v - 4 scrolls of amnesia
 x - a scroll of enchant weapon
Potions
 a - 5 potions of curing
 d - a potion of cancellation
 e - 5 potions of flight
 i - 4 potions of might
 j - a potion of brilliance
 m - a potion of resistance {unknown}
 p - a potion of invisibility
 z - 4 potions of heal wounds {unknown}
 A - a potion of ambrosia {unknown}
 B - a potion of berserk rage {unknown}
 D - 3 potions of haste {unknown}


   Skills:
 * Level 11.2 Fighting
 + Level 6.8 Dodging
 + Level 7.4 Stealth
 * Level 9.8 Spellcasting
 * Level 11.1 Conjurations
 - Level 2.0 Hexes
 - Level 2.0 Translocations


You had 19 spell levels left.
You knew the following spells:

 Your Spells              Type           Power      Damage    Failure   Level
a - Magic Dart            Conj           100%       1d8       1%          1
b - Searing Ray           Conj           100%       2d8       1%          2
c - Fulminant Prism       Conj/Hex       22%        3d13      1%          4
d - Iskenderun's Mystic   Conj/Tloc      45%        2d10      1%          4

Your spell library contained the following spells:

 Spells                   Type           Power      Damage    Failure   Level
 Stone Arrow              Conj/Erth      80%        3d12      1%          3
 Dazzling Flash           Conj/Hex       90%        N/A       1%          3
 Inner Flame              Hex/Fire       17%        N/A       2%          3
 Frozen Ramparts          Ice            24%        1d4       4%          3
 Portal Projectile        Hex/Tloc       44%        N/A       7%          3
 Corpse Rot               Necr/Air       24%        N/A       8%          2
 Call Canine Familiar     Summ           12%        N/A       16%         3
 Ozocubu's Armour         Ice            12%        N/A       16%         3
 Cause Fear               Hex            11%        N/A       22%         4
 Leda's Liquefaction      Hex/Erth       8%         N/A       32%         4
 Dispel Undead            Necr           12%        3d9       45%         4
 Ice Form                 Ice/Tmut       12%        N/A       45%         4
 Summon Ice Beast         Ice/Summ       12%        N/A       45%         4
 Death Channel            Necr           6%         N/A       100%        6
 Ozocubu's Refrigeration  Ice            6%         4d6       100%        7
 Discord                  Hex            11%        N/A       100%        8


Dungeon Overview and Level Annotations

Branches:
Dungeon (11/15)            Temple (1/1) D:6            Lair (1/6) D:11
    Orc (0/2) D:11        Ossuary (visited)

Altars:
Ashenzari
Cheibriados
Dithmenos
Elyvilon
Fedhas
Gozag
Hepliaklqana
Kikubaaqudgha
Makhleb
Nemelex Xobeh
Okawaru
Qazlal
Ru
Sif Muna
Trog
Uskayaw
Vehumet
Wu Jian
Xom
Yredelemnul
Zin
The Shining One

Shops:
D:1 ***?


Innate Abilities, Weirdness & Mutations

You can breathe blasts of noxious fumes.
Your lurid green scales are hard. (AC +8)
You cannot fit into any form of body armour.
Your system is resistant to poisons. (rPois)
You are cold-blooded and may be slowed by cold attacks.


Message History

Casting: Iskenderun's Mystic Blast (mildly dangerous; 1% risk of failure)
Confirm with . or Enter, or press ? or * to list all spells.
You erupt in a blast of force!
The mystic blast hits the five-headed hydra!
The five-headed hydra is heavily wounded.
The five-headed hydra is knocked back by the mystic blast.
The mystic blast hits the yak.
The yak is lightly wounded.
The yak is knocked back by the mystic blast.
The mystic blast hits the death yak!
The death yak is lightly wounded.
The death yak is knocked back by the mystic blast.
The mystic blast hits the death yak but does no damage.
You block the death yak's attack.
Unknown command.
Unknown command.
There is a staircase back to the Dungeon here.
Press: ? - help, v - describe, . - travel
Here: a death yak The floor.
Blink to where?
Press: ? - help, Dir - move target
As you read the scroll of blinking, it crumbles to dust.
A death yak comes into view.
A yak comes into view.
The yak moves out of view.
The yak bellows! x2
The yak bellows!
The death yak bellows!
The yak bellows!
You hit the death yak but do no damage.
You tail-slap the death yak, but do no damage.
Blink to where?
Press: ? - help, Dir - move target
As you read the scroll of blinking, it crumbles to dust.
The five-headed hydra closely misses you.
The five-headed hydra bites you but does no damage.
The five-headed hydra bites you.
* * * LOW HITPOINT WARNING * * *
The five-headed hydra bites you.
You die...

#............## ##
#............## ###
#......<......# ###..
#............(## ###....
#..............# #####.....>
............^..# ##.#.Y......
...............#####..Y..Y..###
...............D##.YYY.Y##### #
#.............@..Y..##### #
#..............[...#.#
#..............#######
##............## ####.........#
##..#.....# #.######## #. P.


You could see 3 death yaks, a five-headed hydra and a yak.

Vanquished Creatures
  Harold (D:8)
  A hydra (D:8)
  Erica (D:8)
  A centaur warrior (D:9)
  3 two-headed ogres
  Pikel (D:4)
  A cyclops (D:9)
  2 komodo dragons
  A cane toad (Lair:1)
  A tengu conjurer (D:9)
  2 hornets
  3 trolls
  A polar bear (Lair:1)
  Sigmund (D:4)
  A vampire (D:7)
  14 yaks
  Grum (D:8)
  A wraith (D:10)
  2 basilisks
  2 vampire mosquitoes (D:11)
  A warg (D:11)
  3 steam dragons
  A water moccasin (D:7)
  10 orc warriors
  A sky beast (D:6)
  3 necrophages (D:10)
  6 ice beasts
  2 ogres (D:5)
  3 wolves
  7 centaurs
  3 kobold brigands
  2 phantoms
  2 lemures (D:4)
  A wyvern zombie (D:9)
  A bullfrog (D:9)
  3 scorpions
  2 gnoll sergeants
  A wyvern skeleton (D:7)
  16 killer bees
  13 wights
  3 howler monkeys
  9 centaur zombies
  2 bullfrog zombies
  7 orc priests
  4 hounds
  3 jellies
  A centaur skeleton (D:5)
  Crazy Yiuf (D:2)
  A bullfrog skeleton (D:5)
  A gnoll shaman (D:5)
  Natasha (thrice) (D:4)
  4 iguanas
  A scorpion zombie (D:5)
  9 orc wizards
  A killer bee zombie (D:7)
  3 hound zombies (D:5)
  12 mummies
  6 howler monkey zombies
  8 gnolls
  A howler monkey skeleton (D:7)
  4 adders (D:2)
  2 white imps
  An ufetubus (D:6)
  A worm (D:3)
  A dart slug (D:1)
  32 orcs
  10 endoplasms
  5 giant cockroaches
  3 gnoll zombies (Ossuary)
  8 hobgoblins
  7 jackals
  13 kobolds
  2 quokkas (D:2)
  8 ball pythons
  5 bats
  2 frilled lizards (D:3)
  A goblin (D:1)
  2 hobgoblin zombies
  2 kobold zombies (Ossuary)
  2 orc zombies (Ossuary)
  5 rats
318 creatures vanquished.

Vanquished Creatures (others)
  An orc (D:11)
  A fulminant prism (D:9)
  2 fungi (Lair:1)
  A plant (Lair:1)
  5 withered plants (D:10)
10 creatures vanquished.

Grand Total: 328 creatures vanquished

Notes
Turn   | Place    | Note
-------+----------+-------------------------------------------
     0 | D:1      | Zeld the Draconian Conjurer began the quest for the Orb.
     0 | D:1      | Reached XP level 1. HP: 14/14 MP: 3/3
   350 | D:1      | Found Itwaxzet's Assorted Antiques.
   421 | D:1      | Found Xeulog's Magic Scroll Shoppe.
   485 | D:1      | Found a faded altar of an unknown god.
   753 | D:1      | Found Here Xim's General Store.
   773 | D:1      | Reached XP level 2. HP: 22/22 MP: 1/5
   825 | D:1      | Learned a level 2 spell: Searing Ray
  1037 | D:1      | Reached skill level 1 in Fighting
  1176 | D:1      | Found Jueshru's Assorted Antiques.
  1180 | D:1      | Bought 2 inky potions for 37 gold pieces
  1516 | D:2      | Reached XP level 3. HP: 11/28 MP: 6/6
  1718 | D:2      | Reached XP level 4. HP: 34/36 MP: 7/8
  1990 | D:2      | Found a runed translucent door.
  1991 | D:2      | Noticed Crazy Yiuf
  2464 | D:3      | Reached XP level 5. HP: 31/42 MP: 9/9
  3197 | D:3      | Found an iron altar of Okawaru.
  3197 | D:3      | Found a sacrificial altar of Ru.
  3233 | D:3      | Found a burning altar of Makhleb.
  3553 | D:4      | Noticed an ice beast
  3722 | D:4      | Noticed Sigmund
  4295 | D:4      | Killed Sigmund
  4296 | D:4      | Reached skill level 5 in Conjurations
  4296 | D:4      | Reached XP level 6. HP: 37/51 MP: 11/11
  4303 | D:4      | Learned a level 4 spell: Fulminant Prism
  4308 | D:4      | Learned a level 4 spell: Iskenderun's Mystic Blast
  4393 | D:4      | Noticed Natasha
  4397 | D:4      | Killed Natasha
  4640 | D:4      | Noticed Natasha
  4646 | D:4      | Killed Natasha
  4714 | D:4      | Killed an ice beast
  4715 | D:4      | Your scales start taking on a lurid green colour.
  4715 | D:4      | Reached XP level 7. HP: 58/58 MP: 12/12
  4715 | D:4      | Gained mutation: Your system is resistant to poisons.
                  | (rPois) [Green Draconian growth]
  4963 | D:4      | Reached skill level 1 in Translocations
  5180 | D:4      | Noticed Pikel
  5191 | D:4      | Killed Pikel
  5192 | D:4      | Reached skill level 1 in Hexes
  5192 | D:4      | Reached XP level 8. HP: 67/67 MP: 11/14
  5400 | D:5      | Entered Level 5 of the Dungeon
  5607 | D:4      | Noticed Natasha
  5610 | D:4      | Killed Natasha
  5611 | D:4      | Reached skill level 5 in Fighting
  6449 | D:5      | Reached skill level 5 in Spellcasting
  7056 | D:6      | Noticed a hornet
  7111 | D:6      | Reached XP level 9. HP: 71/75 MP: 14/17
  7531 | D:6      | Found a sand-covered staircase.
  7536 | Ossuary  | Entered an ossuary
  8236 | D:6      | Found a staircase to the Ecumenical Temple.
  8278 | Temple   | Entered the Ecumenical Temple
  8312 | Temple   | Became a worshipper of Vehumet
  8498 | D:2      | Killed Crazy Yiuf
  8870 | D:1      | Bought a scroll labelled RONIMM DAUXO for 21 gold pieces
  8870 | D:1      | Bought a scroll labelled CIAXEN LIW for 21 gold pieces
  8870 | D:1      | Bought a scroll labelled SYADIU MAOTTE for 21 gold pieces
  8870 | D:1      | Bought a scroll labelled CIAXEN LIW for 21 gold pieces
  8945 | D:1      | Bought a fizzy yellow potion for 26 gold pieces
  8945 | D:1      | Bought a shiny fluorescent wand for 116 gold pieces
  8945 | D:1      | Bought a scroll labelled EFA URIPHACIH PIG for 29 gold
                  | pieces
  8945 | D:1      | Bought a green potion for 26 gold pieces
  8956 | D:1      | Bought a scroll of amnesia for 49 gold pieces
  8956 | D:1      | Bought a scroll of identify for 28 gold pieces
  8956 | D:1      | Bought a scroll of teleportation for 42 gold pieces
  8956 | D:1      | Bought a scroll of identify for 28 gold pieces
  8956 | D:1      | Bought a scroll of identify for 28 gold pieces
  9781 | D:7      | Reached skill level 5 in Stealth
 10002 | D:7      | Reached XP level 10. HP: 29/88 MP: 7/20
 11056 | D:7      | Reached * piety under Vehumet
 11056 | D:7      | Offered knowledge of Freeze by Vehumet.
 11465 | D:7      | Reached skill level 5 in Dodging
 12231 | D:8      | Noticed Grum
 12516 | D:8      | Killed Grum
 12638 | D:8      | Noticed Erica
 12774 | D:8      | Killed Erica
 12837 | D:8      | Noticed Harold
 13475 | D:8      | Killed Harold
 13745 | D:8      | Noticed a two-headed ogre
 13755 | D:8      | Killed a two-headed ogre
 14093 | D:9      | Paralysed by a hornet for 3 turns
 14097 | D:9      | Reached XP level 11. HP: 28/97 MP: 12/23
 14525 | D:9      | Noticed a two-headed ogre
 14636 | D:9      | Noticed a two-headed ogre
 14638 | D:9      | Noticed a seven-headed hydra
 14640 | D:9      | Killed a two-headed ogre
 14800 | D:9      | Killed a two-headed ogre
 15487 | D:8      | Killed a seven-headed hydra
 16279 | D:9      | HP: 4/99 [something/ball of steam (5)]
 16814 | D:9      | Reached skill level 10 in Conjurations
 17033 | D:9      | Reached skill level 10 in Fighting
 17292 | D:9      | Noticed a centaur warrior
 17302 | D:9      | Killed a centaur warrior
 17516 | D:9      | Identified the +6 dagger "Segeheef" {drain, *Slow +Blink
                  | rPois MP-9 Dex+7}
 17817 | D:9      | Paralysed by an orc warrior for 5 turns
 18025 | D:9      | Reached ** piety under Vehumet
 18025 | D:9      | Offered knowledge of Shock by Vehumet.
 18192 | D:9      | Found an ornate altar of the Wu Jian Council.
 18753 | D:10     | Entered Level 10 of the Dungeon
 19686 | D:10     | Reached XP level 12. HP: 34/108 MP: 2/25
 20495 | D:11     | Offered knowledge of Stone Arrow by Vehumet.
 20534 | D:11     | Reached *** piety under Vehumet
 20804 | D:11     | Found a staircase to the Orcish Mines.
 21438 | D:11     | Found a staircase to the Lair.
 22114 | Lair:1   | Entered Level 1 of the Lair of Beasts
 22542 | Lair:1   | Noticed a five-headed hydra
 22553 | Lair:1   | Noticed a death yak
 22553 | Lair:1   | Noticed a death yak
 22603 | Lair:1   | HP: 2/110 [death yak (22)]
 22630 | Lair:1   | Noticed a death yak
 22635 | Lair:1   | HP: 5/110 [five-headed hydra (6)]
 22635 | Lair:1   | Slain by a five-headed hydra

Illustrated notes

Levels and vault maps discovered:
D:1:      dpeg_arrival_court, layout_basic, serial_shops,
          nicolae_shop_window_shopping, nicolae_shop_advertising_works
          [nicolae_subvault_shop_adworks], nicolae_shop_behind_doors, shop,
          shapermc_ecumenical_altar_acropolis, corexii_leaking_fountain
D:2:      layout_rooms, uniq_crazy_yiuf_cottage
D:3:      layout_basic, gammafunk_temple_overflow_statue, amcnicky_altar_gilded,
          serial_co_window_serial, co_window_of_opportunity_a,
          co_window_paths_b, co_window_paths_a, co_window_of_opportunity_a,
          co_window_paths_a, co_window_unsneaky_path_d, co_window_cross_3,
          co_window_paths_c, co_window_paths_d, co_window_4corner_a,
          glass_columns_a, kennysheep_generic_room_13
D:4:      layout_loops_ring, abandoned_shop, uniq_natasha, uniq_sigmund,
          uniq_pikel
D:5:      layout_basic, cheibrodos_gnoll_hut
D:6:      layout_basic, minmay_temple_entry_stoned_glass, enter_ossuary_3,
          hangedman_abyss_or_decor_slice, lemuel_another_geyser
D:7:      layout_basic, minmay_joined_circles
D:8:      layout_cave_pools, uniq_harold, uniq_erica, uniq_grum
D:9:      cheibrodos_ideogram_h, layout_loops_ring, lemuel_round_altar,
          minmay_misc_feat_ornament
D:10:     layout_roguey, serial_undead, serial_undead_c, serial_undead_a,
          serial_undead_e, serial_undead_d, serial_undead_c, serial_undead_d,
          serial_undead_e
D:11:     layout_irregular_city, lair_entry_dummy, erik_orc_4
Temple:   compressed_dpeg_circular_temple
Lair:1:   layout_cave_pods

Skill      XL: |  1  2  3  4  5  6  7  8  9 10 11 12 |
---------------+-------------------------------------+-----
Fighting       | 1 2 3 4 6 7 9 10 11 | 11.2
Stealth        | 2 3 4 5 6 7 |  7.4
Dodging        | 2 3 4 5 6 |  6.8
Spellcasting   | 3 4 5 6 8 9 |  9.8
Conjurations   | 5 6 8 9 10 11 | 11.1
Translocations | 1 2 |  2.0
Hexes          | 1 2 |  2.0

Action                   |  1- 3 |  4- 6 |  7- 9 | 10-12 || total
-------------------------+-------+-------+-------+-------++-------
Melee: Unarmed           |    16 |    17 |    48 |   186 ||   267
       Tailslap          |     1 |       |     5 |    42 ||    48
       Dagger            |       |       |       |     4 ||     4
       Punch             |       |       |       |     4 ||     4
 Cast: Magic Dart        |    48 |    83 |     5 |     2 ||   138
       Searing Ray       |     4 |    11 |    64 |    66 ||   145
       Iskenderun's Myst |       |       |    25 |   242 ||   267
       Fulminant Prism   |       |       |       |     1 ||     1
 Abil: Breathe Noxious F |       |       |     4 |    13 ||    17
Evoke: Wand              |       |       |       |     2 ||     2
  Use: Scroll            |       |       |    10 |    17 ||    27
       Potion            |       |       |       |     2 ||     2
 Stab: Sleeping          |       |       |       |     3 ||     3
       Distracted        |       |       |       |     2 ||     2
Armor: Skin              |    25 |    11 |    66 |   231 ||   333
Dodge: Dodged            |    35 |    14 |    93 |   318 ||   460
Block: Other             |    10 |    12 |    40 |   110 ||   172
       Reflection        |       |       |     1 |     7 ||     8
